 Dungeon Crawl Stone Soup version 0.30-a0-965-g42e074c17a (webtiles) character file.

Game seed: 7515343720806255562

6 billz999 the Sneak (level 1, 0/7 HPs)
             Began as a Felid Enchanter on Mar 30, 2023.
             Slain by a goblin
             ... wielding a +0 dagger
              (3 damage)
             ... on level 1 of the Dungeon.
             The game lasted 00:01:50 (325 turns).

billz999 the Sneak (Felid Enchanter)                 Turns: 325, Time: 00:01:50

Health: 0/7        AC:  1    Str:  4    XL:     1   Next: 75%
Magic:  4/4        EV: 17    Int: 16    God:
Gold:   15         SH:  0    Dex: 16    Spells: 4/4 levels left
                                        Lives:  0   Deaths: 0

rFire   . . .      SeeInvis +      - Unarmed
rCold   . . .      Faith    .    (shield unavailable)
rNeg    . . .      Spirit   .    (body armour unavailable)
rPois   .          Reflect  .    (helmet unavailable)
rElec   .          Rampage  .    (cloak unavailable)
rCorr   .                        (gloves unavailable)
Will    .....                    (boots unavailable)
Stlth   +++                      (no amulet)
HPRegen 0.21/turn                (no ring)
MPRegen 0.09/turn                (no ring)

@: quick
A: very small, claws 1, fangs 3, see invisible, speed 1, shaggy fur 1, stealthy
paws, no weapons or thrown items, no armour, multi-lived
a: no special abilities


You were on level 1 of the Dungeon.
You visited 1 branch of the dungeon, and saw 1 of its levels.

You collected 15 gold pieces.

Inventory:

Scrolls
 b - a scroll of teleportation {unknown}
 c - a scroll of blinking {unknown}
 d - a scroll of noise {unknown}
Potions
 a - 2 potions of invisibility


   Skills:
 - Level 2.6 Dodging
 + Level 4.7 Stealth
 - Level 1.0 Unarmed Combat
 - Level 2.0 Spellcasting
 - Level 4.4 Hexes


You had 4 spell levels left.
You didn't know any spells.
Your spell library contained the following spells:

 Spells                   Type           Power      Damage    Failure   Level
 Confusing Touch          Hex            15%        N/A       11%         3
 Tukima's Dance           Hex            15%        N/A       11%         3
 Ensorcelled Hibernation  Hex/Ice        16%        N/A       13%         2
 Dazzling Flash           Conj/Hex       16%        N/A       26%         3


Dungeon Overview and Level Annotations

Branches:
Dungeon (1/15)

Altars:


Innate Abilities, Weirdness & Mutations

You have sharp claws.
You have razor-sharp teeth.
You have supernaturally acute eyesight. (SInv)
You cover ground quickly. (Speed+)
You are covered in fur. (AC +1)
Your paws help you pounce on unaware monsters.
You are incapable of wielding weapons or throwing items.
You cannot wear armour.
You gain extra lives every three experience levels.


Message History

The bat hits you.
You scratch the bat.
You kill the bat!
You start resting.
HP restored.
The goblin shouts!
You scratch the goblin but do no damage.
The goblin barely misses you.
You closely miss the goblin. The goblin hits you with a +0 club.
A kobold comes into view. It is wielding a +0 dagger.
You see here a hobgoblin corpse.
The goblin barely misses you.
You see here a rat corpse.
You closely miss the goblin. The goblin barely misses you.
You see here a rat corpse.
The goblin hits you but does no damage.
You scratch the goblin.
You kill the goblin!
Things that are here:
a +0 club; a goblin corpse; a rat corpse You now have 15 gold pieces.
You open the door.
Found 7 stones.
d - a scroll labelled NELE YPULU A goblin comes into view.
It is wielding a +0 dagger.
Found 9 gold pieces.
Found a dagger.
A hobgoblin comes into view.
The hobgoblin shouts!
You don't know any spells.
Sorry, you're not good enough to have a special ability.
Unknown command.
You see here 7 stones.
The goblin hits you with a +0 dagger.
You closely miss the goblin. The goblin barely misses you.
You barely miss the goblin. The goblin hits you with a +0 dagger.
Ouch! That really hurt!
You barely miss the goblin. Your claw misses the goblin.
The goblin hits you with a +0 dagger.
You die...

...#...#............#
......g......#g##.#.#
#.####..###..#.##.#'######
........(....#.##........#
######.####.##g##........#
...............##........#
##.###.####g######.......#
### #.#########+#..###
######.#..g@.....#....######
.............................
#.##........#####............
#.........#.....###..######
#.........#....†# #.......#
#.........#.....# #.....#..
...........#.....###........
...........#####........#...
...........# ####.........


You could see a goblin.

Vanquished Creatures
  A bat (D:1)
  A goblin (D:1)
  A hobgoblin (D:1)
  A kobold (D:1)
  A rat (D:1)
5 creatures vanquished.

Notes
Turn   | Place    | Note
-------+----------+-------------------------------------------
     0 | D:1      | billz999 the Felid Enchanter began the quest for the Orb.
     0 | D:1      | Reached XP level 1. HP: 7/7 MP: 4/4
   325 | D:1      | Slain by a goblin

Illustrated notes

Levels and vault maps discovered:
D:1:      mrwooster_arrival_statue_2, layout_basic

Action                     || total
---------------------------++-------
  Melee: Unarmed           ||    20
         Bite              ||     1
   Stab: Sleeping          ||     1
 Armour: Skin              ||     6
  Dodge: Dodged            ||    18

Table legend: (Time is in decaauts)
 A = Elapsed time spent in this place.
 B = Non-inter-level travel time spent in this place.
 C = Inter-level travel time spent in this place.
 D = Time resting spent in this place.
 E = Time spent auto-exploring this place.
 F = Levels seen in this place.
 G = Mean time per level.
                   A        B        C        D        E       F      G
               +--------+--------+--------+--------+--------+-----+--------+
         Total |    268 |    268 |      0 |     23 |     96 |   1 |  268.0 |
       Dungeon |    268 |    268 |      0 |     23 |     96 |   1 |  268.0 |
               +--------+--------+--------+--------+--------+-----+--------+

Top non-repeatable levels by time:
     D:1: 268 daAuts
